 Dungeon Crawl Stone Soup version 0.21-a0-401-g0b6bec4 (webtiles) character file.

225 grizmgrazm2 the Cudgeler (level 5, -2/39 HPs)
             Began as a Demonspawn Gladiator on Oct 21, 2017.
             Was a Follower of Uskayaw.
             Slain by a scorpion (4 damage)
             ... on level 4 of the Dungeon.
             The game lasted 00:09:11 (2668 turns).

grizmgrazm2 the Cudgeler (Demonspawn Gladiator)     Turns: 2668, Time: 00:09:11

Health: -2/39      AC:  8    Str: 18    XL:     5   Next: 68%
Magic:  6/6        EV: 11    Int: 14    God:    Uskayaw [*.....]
Gold:   121        SH:  0    Dex: 14    Spells: 4/4 levels left

rFire    . . .     SeeInvis .   a - +0 flail
rCold    . . .     Gourm    +   (no shield)
rNeg     . . .     Faith    .   k - +0 scale mail
rPois    .         Spirit   .   (helmet restricted)
rElec    .         Reflect  .   (no cloak)
rCorr    .         Harm     .   (no gloves)
MR       +....                  (no boots)
Stlth    ..........             h - amulet of the gourmand
HPRegen  0.13/turn              p - +2 ring of strength
MPRegen  0.10/turn              (no ring)

@: brilliant, lethally poisoned (-2 -> -11)
A: antennae 1, slimy green scales 1, blurry vision 1, magic resistance 1, wild
magic 2, rot immunity
a: Stomp, Renounce Religion


You were on level 4 of the Dungeon.
You worshipped Uskayaw.
Uskayaw was noncommittal.
You were completely stuffed.

You visited 1 branch of the dungeon, and saw 4 of its levels.

You collected 121 gold pieces.

Inventory:

Hand Weapons
 a - a +0 flail (weapon)
Missiles
 d - 5 throwing nets (quivered)
Armour
 k - a +0 scale mail (worn)
Jewellery
 h - an amulet of the gourmand (around neck)
 p - a +2 ring of strength (left hand)
Wands
 o - a wand of enslavement (18/24)
Scrolls
 c - a scroll of enchant armour {unknown}
 e - 2 scrolls of teleportation
 n - 5 scrolls of identify
Potions
 r - a potion of might
Comestibles
 f - 4 bread rations
 g - a royal jelly
 i - a meat ration


   Skills:
 + Level 2.7 Fighting
 + Level 4.3 Maces & Flails
 + Level 1.8 Throwing
 + Level 1.5 Armour
 + Level 3.3 Dodging
 + Level 0.8 Stealth
 * Level 2.2 Invocations


You had 4 spell levels left.
You didn't know any spells.

Dungeon Overview and Level Annotations

Branches:
Dungeon (4/15)
 Temple: D:4-7

Altars:
Elyvilon
Gozag
Qazlal
Trog
Uskayaw
Yredelemnul


Innate Abilities, Weirdness & Mutations

You have a pair of small antennae on your head.
You are partially covered in slimy green scales. (AC +2)
You are immune to rotting.
Scrolls take you a little longer to read.
You are resistant to hostile enchantments. (MR+)
Your spells are harder to cast, but more powerful.


Message History

You feel sick. The scorpion closely misses you.
You hit the scorpion but do no damage.
The scorpion is heavily wounded.
* * * LOW HITPOINT WARNING * * *
You feel sick. The scorpion closely misses you.
You hit the scorpion but do no damage.
The scorpion is heavily wounded.
* * * LOW HITPOINT WARNING * * *
You feel sick.
The scorpion stings you but does no damage.
You hit the scorpion.
The scorpion is almost dead.
* * * LOW HITPOINT WARNING * * *
You feel sick. The scorpion closely misses you. The scorpion stings you.
* * * LOW HITPOINT WARNING * * *
It was a potion of brilliance.
You feel clever all of a sudden.
* * * LOW HITPOINT WARNING * * *
You feel sick. The scorpion stings you.
You die...

#.# # #.# #####.###.
####.####
#.####.........
#.......#
#..............
..#####.#
#####..#######. ..#
#.#########..# ..#
#.........#..# #.#
#.###†#...#s.#
#.#####.###.....@..#
#..................#
.#########........##
.# #........# #
##.#...### #......#
#####..# #..# #..#


You could see a scorpion.

Vanquished Creatures
  An orc priest (D:3)
  2 worker ants (D:4)
  Natasha (D:2)
  5 adders
  An adder skeleton (D:4)
  A worm (D:3)
  3 leopard geckos
  7 orcs
  3 ball pythons
  3 giant cockroaches
  8 goblins
  2 hobgoblins
  10 jackals
  5 kobolds
  4 bats
  3 frilled lizards
  A jackal skeleton (D:4)
  3 rats
  A spectral orc (D:2)
64 creatures vanquished.

Notes
Turn   | Place    | Note
-------+----------+-------------------------------------------
     0 | D:1      | grizmgrazm2 the Demonspawn Gladiator began the quest for the Orb.
     0 | D:1      | Reached XP level 1. HP: 16/16 MP: 1/1
   308 | D:1      | Reached skill level 3 in Maces & Flails
   460 | D:1      | Gained mutation: You have a pair of small antennae on your head. [demonic ancestry]
   460 | D:1      | Reached XP level 2. HP: 20/22 MP: 2/2
   572 | D:2      | Noticed a dagger
   572 | D:2      | Noticed a hand axe
   574 | D:2      | Found a hide-covered altar of Uskayaw.
   584 | D:2      | Became a worshipper of Uskayaw the Reveler
   614 | D:2      | Found a basalt altar of Yredelemnul.
   619 | D:2      | Reached * piety under Uskayaw
   659 | D:2      | Reached ** piety under Uskayaw
   793 | D:2      | Found a bloodstained altar of Trog.
   795 | D:2      | Gained mutation: You are immune to rotting. [demonic ancestry]
   795 | D:2      | Reached XP level 3. HP: 27/27 MP: 3/3
   842 | D:2      | Noticed Natasha
   860 | D:2      | Gained mutation: Scrolls take you a little longer to read. [potion of mutation]
   860 | D:2      | Gained mutation: Your spells are a little harder to cast, but a little more powerful. [potion of mutation]
   860 | D:2      | Gained mutation: Your spells are harder to cast, but more powerful. [potion of mutation]
   860 | D:2      | Gained mutation: You are resistant to hostile enchantments. (MR+) [potion of mutation]
  1326 | D:2      | Found an opulent altar of Gozag.
  1465 | D:2      | Killed Natasha
  1465 | D:2      | Reached skill level 1 in Armour
  1465 | D:2      | Reached XP level 4. HP: 28/34 MP: 4/4
  1684 | D:3      | Reached skill level 1 in Invocations
  1931 | D:3      | Reached *** piety under Uskayaw
  1936 | D:3      | Reached **** piety under Uskayaw
  1939 | D:3      | Gained mutation: You are partially covered in slimy green scales. (AC +2) [demonic ancestry]
  1939 | D:3      | Reached XP level 5. HP: 27/39 MP: 4/6
  1984 | D:3      | Found a white marble altar of Elyvilon.
  2028 | D:3      | Found a stormy altar of Qazlal.
  2042 | D:3      | Reached skill level 4 in Maces & Flails
  2668 | D:4      | Slain by a scorpion

Vault maps used:
D:1:      minmay_arrival_five_plusses
D:2:      overflow_temple_1_default, dancing_weapons_uskayaw,
          yredelemnul_forgotten_temple_becter, lemuel_crystal_altar,
          first_bread, uniq_natasha
D:3:      lemuel_crystal_altar, lemuel_doored_altar, solitary_fountain
D:4:      overflow_temple_1_default, minmay_temple_entry_statues_fountains

Skill      XL: |  1  2  3  4  5 |
---------------+----------------+-----
Maces & Flails | 3 4 |  4.3
Dodging        | 3 |  3.3
Armour         | 1 |  1.5
Invocations    | 1 2 |  2.2
Fighting       | |  2.7
Throwing       | |  1.8
Stealth        | |  0.8

Action                   |  1- 3 |  4- 6 || total
-------------------------+-------+-------++-------
Melee: Flail             |   112 |   128 ||   240
Invok: Stomp             |     1 |       ||     1
  Use: Scroll            |     7 |     1 ||     8
       Potion            |     3 |     2 ||     5
 Stab: Sleeping          |     1 |       ||     1
       Paralysed         |       |     1 ||     1
  Eat: Chunk             |     2 |     8 ||    10
       Bread ration      |     1 |       ||     1
Armor: Leather armour    |    15 |       ||    15
       Ring mail         |    26 |     2 ||    28
       Scale mail        |       |    36 ||    36
Dodge: Dodged            |    97 |    77 ||   174

Table legend:
 A = Spawn XP
 B = Non-spawn XP
 C = Spawn XP percentage of total XP
 D = Spawn monster count
 E = Non-spawn monster count
 F = Spawn count percentage of total count
 G = Total turns spent on level
                    A         B        C        D         E        F      G
               +---------+---------+-------+---------+---------+-------+---------
         Total |       0 |     322 |   0.0 |       0 |      64 |   0.0 |  2668
               +---------+---------+-------+---------+---------+-------+---------
           D:1 |       0 |      23 |   0.0 |       0 |      13 |   0.0 |   819
           D:2 |       0 |     110 |   0.0 |       0 |      26 |   0.0 |   830
           D:3 |       0 |      83 |   0.0 |       0 |      14 |   0.0 |   676
           D:4 |       0 |     106 |   0.0 |       0 |      11 |   0.0 |   343
               +---------+---------+-------+---------+---------+-------+---------
